 Dungeon Crawl Stone Soup version 0.28.0-53-g5a82cb258f (webtiles) character file.

Game seed: 11350212917626511427

304 lisard the Slasher (level 6, -2/51 HPs)
             Began as a Minotaur Gladiator on Aug 4, 2022.
             Killed from afar by an orc wizard (3 damage)
             ... with a magic dart
             ... on level 4 of the Dungeon on Aug 5, 2022.
             The game lasted 00:03:44 (2767 turns).

lisard the Slasher (Minotaur Gladiator)             Turns: 2767, Time: 00:03:45

Health: -2/51      AC:  4    Str: 21    XL:     6   Next: 15%
Magic:  5/5        EV: 12    Int:  5    God:
Gold:   102        SH:  0    Dex: 11    Spells: 5/5 levels left

rFire   . . .      SeeInvis .   a - +0 long sword
rCold   . . .      Faith    .   (no shield)
rNeg    . . .      Spirit   .   b - +0 leather armour
rPois   .          Reflect  .   c - +0 hat
rElec   .          Harm     .   (no cloak)
rCorr   .          Rampage  .   f - +0 pair of gloves
Will    .....                   (no boots)
Stlth   +.........              (no amulet)
HPRegen 0.17/turn               (no ring)
MPRegen 0.09/turn               (no ring)

@: no status effects
A: horns 2, retaliatory headbutt
a: no special abilities


You were on level 4 of the Dungeon.
You visited 1 branch of the dungeon, and saw 4 of its levels.

You collected 102 gold pieces.

Inventory:

Hand Weapons
 a - a +0 long sword (weapon)
Missiles
 d - 3 throwing nets (quivered)
Armour
 b - a +0 leather armour (worn)
 c - a +0 hat (worn)
 f - a +0 pair of gloves (worn)
Jewellery
 m - a ring of ice
 n - an amulet of guardian spirit
Scrolls
 g - 2 scrolls of magic mapping {unknown}
 h - 2 scrolls of identify {unknown}
 j - 2 scrolls of teleportation {unknown}
 o - a scroll of blinking {unknown}
 p - a scroll of immolation {unknown}
Potions
 e - 2 potions of degeneration {unknown}
 i - a potion of berserk rage {unknown}
 k - a potion of attraction {unknown}
 l - a potion of cancellation {unknown}


   Skills:
 + Level 3.5 Fighting
 + Level 5.7 Long Blades
 + Level 2.0 Throwing
 + Level 3.7 Armour
 + Level 4.2 Dodging
 + Level 1.1 Stealth


You had 5 spell levels left.
You didn't know any spells.
Your spell library contained the following spells:

 Spells                   Type           Power      Damage    Failure   Level
 Magic Dart               Conj           0%         1d3       52%         1
 Call Imp                 Summ           0%         N/A       67%         2
 Mephitic Cloud           Conj/Pois/Air  0%         N/A       88%         3


Dungeon Overview and Level Annotations

Branches:
Dungeon (4/15)
 Temple: D:4-7

Altars:
Kikubaaqudgha


Innate Abilities, Weirdness & Mutations

You have a pair of horns on your head.
You reflexively headbutt those who attack you in melee.


Message History

The orc priest mumbles some strange prayers to Beogh against you.
Beogh smites you! The orc priest barely misses you. You furiously retaliate!
You headbutt the orc priest.
You kill the orc priest!
You slash the orc wizard!
The orc wizard is heavily wounded.
The orc wizard hits you with a +0 dagger.
You closely miss the orc wizard.
You headbutt the orc wizard, but do no damage.
The orc wizard is heavily wounded.
The orc wizard hits you with a +0 dagger.
You are too injured to fight recklessly!
You are too injured to fight recklessly!
You are too injured to fight recklessly!
You miss the orc wizard.
The orc wizard is heavily wounded.
The orc wizard mumbles some strange words.
The orc wizard flickers and vanishes!
Deactivating autopickup; reactivate with Ctrl-A.
You slash something! Something hits you.
You closely miss something. Something barely misses you.
You closely miss something. Your headbutt misses something.
Something hits you but does no damage.
You barely miss something. Your headbutt misses something. Something hits you.
You closely miss something. Your headbutt misses something.
You hear some strange, mumbled words.
A magic dart appears from out of thin air!
The magic dart hits you!
* * * LOW HITPOINT WARNING * * *
You closely miss something. Something hits you.
* * * LOW HITPOINT WARNING * * *
You hear some strange, mumbled words.
A puff of flame appears from out of thin air!
The puff of flame hits you!
* * * LOW HITPOINT WARNING * * *
You miss something. Your headbutt misses something.
You hear some strange, mumbled words.
A magic dart appears from out of thin air!
The magic dart hits you.
You die...

#########
#####........
#....<#
#.###.# #.#
#@# #{# #o#
#.. #.. #...
#... #....


You could see an orc.

Vanquished Creatures
  Sigmund (D:2)
  An orc priest (D:4)
  Jessica (D:3)
  3 adders
  A worm (D:2)
  9 orcs
  6 ball pythons
  7 bats
  3 endoplasms
  3 giant cockroaches
  5 goblins
  3 hobgoblins (D:1)
  3 jackals (D:1)
  5 kobolds
  4 frilled lizards
  3 rats
58 creatures vanquished.

Notes
Turn   | Place    | Note
-------+----------+-------------------------------------------
     0 | D:1      | lisard the Minotaur Gladiator began the quest for the Orb.
     0 | D:1      | Reached XP level 1. HP: 18/18 MP: 0/0
   103 | D:1      | Reached skill level 4 in Long Blades
   103 | D:1      | Reached XP level 2. HP: 12/25 MP: 1/1
  1048 | D:2      | Reached XP level 3. HP: 30/30 MP: 2/2
  1075 | D:2      | Noticed Sigmund
  1086 | D:2      | Killed Sigmund
  1087 | D:2      | Reached skill level 5 in Long Blades
  1087 | D:2      | Reached XP level 4. HP: 31/38 MP: 3/3
  1087 | D:2      | Reached XP level 5. HP: 37/45 MP: 4/4
  1146 | D:2      | Reached skill level 1 in Stealth
  2310 | D:3      | Found an ancient bone altar of Kikubaaqudgha.
  2411 | D:3      | Noticed Jessica
  2416 | D:3      | Killed Jessica
  2438 | D:3      | Reached XP level 6. HP: 39/51 MP: 5/5
  2766 | D:4      | HP: 1/51 [something/puff of flame (10)]
  2767 | D:4      | Killed from afar by an orc wizard

Illustrated notes

Levels and vault maps discovered:
D:1:      saegor_arrival_simple_b, layout_basic, kennysheep_pointless_box
D:2:      layout_basic, uniq_sigmund
D:3:      layout_basic, lemuel_doored_altar, uniq_jessica
D:4:      minmay_door_path, layout_basic, grunt_temple_overflow_open,
          minmay_temple_entry_large_hall, serial_rivers,
          chequers_serial_rivers_large_b, chequers_serial_rivers_small_3,
          chequers_serial_rivers_micro_d, chequers_serial_rivers_small_a,
          lightli_sewer_entry_pipes

Skill      XL: |  1  2  3  4  5 |
---------------+----------------+-----
Long Blades    | 4 5 |  5.7
Fighting       | 3 |  3.5
Armour         | 3 |  3.7
Dodging        | 4 |  4.2
Stealth        | 1 |  1.1
Throwing       | |  2.0

Action                   |  1- 3 |  4- 6 || total
-------------------------+-------+-------++-------
Melee: Long sword        |    55 |    78 ||   133
       Headbutt          |     9 |    14 ||    23
       Punch             |     1 |     1 ||     2
 Stab: Sleeping          |       |     1 ||     1
Armor: Leather armour    |    16 |    20 ||    36
Dodge: Dodged            |    38 |    38 ||    76
